 Dungeon Crawl Stone Soup version 0.31-a0-1291-g5386780bc2 (webtiles) character file.

Game seed: 14424132787622286690

2 Nattfarinn the Changeling (level 1, 0/18 HPs)
             Began as a Naga Shapeshifter on Dec 18, 2023.
             Slain by a jackal (3 damage)
             ... on level 1 of the Dungeon.
             The game lasted 00:00:11 (38 turns).

Nattfarinn the Changeling (Naga Shapeshifter)         Turns: 38, Time: 00:00:12

Health: 0/18       AC:  1    Str: 16    XL:     1   Next: 40%
Magic:  1/1        EV:  9    Int: 10    God:
Gold:   11         SH:  0    Dex: 10    Spells: 0/0 levels left

rFire   . .          .
                       - Unarmed
rCold   . . .        (no shield)
rNeg    . . .        a - +0 animal skin
rPois   +            (helmet currently unavailable)
rElec   .            (cloak currently unavailable)
rCorr   .            (gloves currently unavailable)
SInv    +            (no barding)
Will    .....        (no amulet)
Stlth   +            (no ring)
HPRegen 0.23/turn    (no ring)
MPRegen 0.07/turn

%: no passive effects
@: beast-form, very slow
A: beast (slay +1), AC +0, large, see invisible, deformed body, poison
resistance, slowness 2, spit poison 1, naga tail 1
a: Spit Poison, Begin Untransformation


You were on level 1 of the Dungeon.
You were a hulking beast.
You visited 1 branch of the dungeon, and saw 1 of its levels.

You collected 11 gold pieces.

Inventory:

Armour
 a - a +0 animal skin (worn)
Talismans
 c - a beast talisman
 d - a flux talisman
Potions
 b - a potion of lignification


   Skills:
 - Level 1.0 Fighting
 - Level 1.5 Dodging
 + Level 3.0 Unarmed Combat
 * Level 3.1 Shapeshifting


You couldn't memorise any spells.
You didn't know any spells.
Your spell library was empty.

Dungeon Overview and Level Annotations

Branches:
Dungeon (1/15)

Altars:


Innate Abilities, Weirdness & Mutations

You are a hulking beast.
Your limbs bulge with bestial killing power. (Slay +1)
Your serpentine skin is tough. (AC +0)
You have supernaturally acute eyesight. (SInv)
Armour fits poorly on your strangely shaped body.
Your system is resistant to poisons. (rPois)
You cover ground very slowly.
You can spit poison.
You have a snake-like lower body.


Message History

A kobold comes into view. It is wielding a +0 dagger.
A rat comes into view.
You hit the endoplasm.
The endoplasm is almost dead.
The endoplasm hits you but does no damage.
You barely miss the endoplasm.
The endoplasm is almost dead.
The jackal closely misses you.
A goblin comes into view. It is wielding a +0 dagger.
The endoplasm freezes you.
You are frozen.
The goblin shouts!
You hit the endoplasm.
You kill the endoplasm!
You hear a shout!
You hear a bark!
The jackal bites you but does no damage.
The jackal barely misses you.
Unknown command.
The jackal attacks as it pursues you! The jackal bites you. x2
The rat enters a dispersal trap!
The kobold blinks!
The jackal blinks!
The quokka blinks!
The jackal blinks! x2; The rat blinks!
The endoplasm blinks!
You blink.
Found 16 gold pieces, a scroll labelled FUFFUGG EKIF and a robe.
The rat blinks!
The jackal bites you. The jackal closely misses you.
The jackal barely misses you. The endoplasm freezes you.
You are frozen.
The jackal bites you. The jackal barely misses you. The jackal bites you.
* * * LOW HITPOINT WARNING * * *
The jackal barely misses you.
The jackal bites you but does no damage.
The endoplasm hits you.
* * * LOW HITPOINT WARNING * * *
The jackal attacks as it pursues you! The jackal bites you.
* * * LOW HITPOINT WARNING * * *
The jackal barely misses you.
The jackal bites you but does no damage.
The endoplasm attacks as it pursues you!
The endoplasm barely misses you. The jackal bites you.
You die...

.............. #.
.........#..#.... ..
........r......## ##..
................##### ....
.........r..........# ..#
....................###..##
...g#....g..?..#...........
......K..J..........##'##..
#$......hhh...##...#...#
.........h^.......###.⌠.###
##..##.....r....#.#.......#
..................#.⌠.<.⌠.#
. .............#..#.......#
......?.......#..###.⌠.###
...#..........# #...#
...#..[........ ##+##


You could see an endoplasm, a quokka, 3 jackals, 2 goblins, a kobold and 2 rats.

Vanquished Creatures
  An endoplasm (D:1)
  A hobgoblin (D:1)
2 creatures vanquished.

Notes
Turn   | Place    | Note
-------+----------+-------------------------------------------
     0 | D:1      | Nattfarinn the Naga Shapeshifter began the quest for the
                  | Orb.
     0 | D:1      | Reached XP level 1. HP: 18/18 MP: 1/1
    38 | D:1      | Slain by a jackal

Illustrated notes

Levels and vault maps discovered:
D:1:      dpeg_arrival_simpleton_c, layout_rooms

Action                     || total
---------------------------++-------
  Melee: Unarmed           ||     5
 Armour: Animal skin       ||    14
  Dodge: Dodged            ||     9

Table legend: (Time is in decaauts)
 A = Elapsed time spent in this place.
 B = Non-inter-level travel time spent in this place.
 C = Inter-level travel time spent in this place.
 D = Time resting spent in this place.
 E = Time spent auto-exploring this place.
 F = Levels seen in this place.
 G = Mean time per level.
                   A        B        C        D        E       F      G
               +--------+--------+--------+--------+--------+-----+--------+
         Total |     45 |     45 |      0 |      0 |     26 |   1 |   45.0 |
       Dungeon |     45 |     45 |      0 |      0 |     26 |   1 |   45.0 |
               +--------+--------+--------+--------+--------+-----+--------+

Top non-repeatable levels by time:
     D:1: 45 daAuts
